| TOP OF THE 1ST |
|
Fort Wayne TinCaps batting - Pitching for Greensboro Grasshoppers : RHP Kevin Weil
|
|
Pitching: RHP Kevin Weil
|
|
|
Batting: RHB Cesar Ortega
|
0-0: Ball 1-0: Ball 2-0: Swinging Strike 2-1: Foul Ball, location: 2F 2-2: Foul Ball, location: 2F 2-2: Ball 3-2: Base on Balls
|
|
Batting: RHB John Freeman
|
0-0: Ball Cesar Ortega steals 2nd base 1-0: SINGLE (Groundball, 34D, EV 104.4 MPH) Cesar Ortega to third Runner from 3rd tries for Home, SAFE, throw by RF to home
|
|
Batting: RHB Jim Miske
|
0-0: Ball 1-0: Swinging Strike 1-1: Called Strike John Freeman steals 2nd base 1-2: Ground out 6-3 (Groundball, 6, EV 83.1 MPH)
|
|
Batting: RHB Gary Horgan
|
0-0: Swinging Strike 0-1: 2-RUN HOME RUN (Line Drive, 78XD, EV 109.4 MPH), Distance : 430 ft
|
|
Batting: LHB Dean Luttman
|
0-0: Fly out, F7 (Flyball, 78S, EV 76.2 MPH)
|
|
Batting: LHB Tony Contreras
|
0-0: Ground out 4-3 (Groundball, 4, EV 86.9 MPH)
|
| Top of the 1st over - 3 runs, 2 hits, 0 errors, 0 left on base; Fort Wayne 3 - Greensboro 0 |
| BOTTOM OF THE 1ST |
|
Greensboro Grasshoppers batting - Pitching for Fort Wayne TinCaps : RHP Jason Inman
|
|
Pitching: RHP Jason Inman
|
|
|
Batting: RHB Tom Thompson
|
0-0: Ball 1-0: Ground out 4-3 (Groundball, 4, EV 78.1 MPH)
|
|
Batting: LHB Angelo Estrella
|
0-0: Ball 1-0: Ground out 4-3 (Groundball, 4, EV 97.5 MPH)
|
|
Batting: LHB Dong-u Chang
|
0-0: Foul Ball, location: 2F 0-1: Called Strike 0-2: Ball 1-2: SINGLE (Line Drive, 78S, EV 110.0 MPH)
|
|
Batting: RHB Miguel Velasco
|
0-0: Called Strike 0-1: Ball 1-1: Swinging Strike 1-2: Foul Ball, location: 2F 1-2: Ball 2-2: Strikes out swinging
|
| Bottom of the 1st over - 0 runs, 1 hit, 0 errors, 1 left on base; Fort Wayne 3 - Greensboro 0 |
| TOP OF THE 2ND |
|
Fort Wayne TinCaps batting - Pitching for Greensboro Grasshoppers : RHP Kevin Weil
|
|
Batting: RHB Paul Wood
|
0-0: Foul Ball, location: 2F 0-1: Ball 1-1: Foul Ball, location: 2F 1-2: Ball 2-2: Foul Ball, location: 2F 2-2: DOUBLE (Groundball, 3L, EV 107.5 MPH)
|
|
Batting: RHB Sung-hwan Jung
|
0-0: Foul Ball, location: 2F 0-1: Ball 1-1: Swinging Strike 1-2: Foul Ball, location: 2F 1-2: Ground out 1-3 (Groundball, 13S, EV 65.6 MPH) Paul Wood to third
|
|
Batting: RHB Slamet Pamungkas
|
0-0: Ball 1-0: Ball 2-0: SINGLE (Groundball, 34D, EV 101.2 MPH) Paul Wood scores
|
|
Batting: RHB Cesar Ortega
|
0-0: Ground out 5-3 (Groundball, 56S, EV 76.2 MPH) Slamet Pamungkas to second
|
|
Batting: RHB John Freeman
|
0-0: Ball Slamet Pamungkas steals 3rd base 1-0: Called Strike 1-1: Foul Ball, location: 2F 1-2: Ground out 6-3 (Groundball, 6M, EV 101.2 MPH)
|
| Top of the 2nd over - 1 run, 2 hits, 0 errors, 1 left on base; Fort Wayne 4 - Greensboro 0 |
| BOTTOM OF THE 2ND |
|
Greensboro Grasshoppers batting - Pitching for Fort Wayne TinCaps : RHP Jason Inman
|
|
Batting: LHB Justin Blakely
|
0-0: Swinging Strike 0-1: Called Strike 0-2: Ball 1-2: Ball 2-2: Ground out 1-3 (Groundball, 13, EV 69.4 MPH)
|
|
Batting: RHB Nate Crofts
|
0-0: Ball 1-0: Foul Ball, location: 2F 1-1: Swinging Strike 1-2: Foul Ball, location: 2F 1-2: Strikes out swinging
|
|
Batting: RHB Alberto Bravo
|
0-0: Fly out, F7 (Flyball, 7S, EV 93.1 MPH)
|
| Bottom of the 2nd over - 0 runs, 0 hits, 0 errors, 0 left on base; Fort Wayne 4 - Greensboro 0 |
| TOP OF THE 3RD |
|
Fort Wayne TinCaps batting - Pitching for Greensboro Grasshoppers : RHP Kevin Weil
|
|
Batting: RHB Jim Miske
|
0-0: Ball 1-0: Foul Ball, location: 2F 1-1: Swinging Strike 1-2: Ball 2-2: SINGLE (Groundball, 6MD, EV 95.0 MPH)
|
|
Batting: RHB Gary Horgan
|
0-0: Called Strike Jim Miske steals 2nd base 0-1: Ball 1-1: Ball 2-1: Ball 3-1: Foul Ball, location: 2F 3-2: Foul Ball, location: 2F 3-2: Foul Ball, location: 2F 3-2: Foul Ball, location: 2F 3-2: Fly out, F3 (Popup, 3F, EV 73.8 MPH)
|
|
Batting: LHB Dean Luttman
|
0-0: Foul Ball, location: 2F 0-1: Ball 1-1: Ball 2-1: Foul Ball, location: 2F 2-2: Hit by Pitch
|
|
Batting: LHB Tony Contreras
|
0-0: Called Strike Jim Miske steals 3rd base 0-1: Ball 1-1: 3-RUN HOME RUN (Flyball, 7D, EV 98.1 MPH), Distance : 363 ft
|
|
Pitching: RHP Aidan Mitchell
|
|
|
Batting: RHB Paul Wood
|
0-0: Ball 1-0: Called Strike 1-1: Called Strike 1-2: Strikes out swinging
|
|
Batting: RHB Sung-hwan Jung
|
0-0: Called Strike 0-1: Foul Ball, location: 2F 0-2: Ball 1-2: Ground out 3-1 (Groundball, 34S, EV 86.9 MPH)
|
| Top of the 3rd over - 3 runs, 2 hits, 0 errors, 0 left on base; Fort Wayne 7 - Greensboro 0 |
| BOTTOM OF THE 3RD |
|
Greensboro Grasshoppers batting - Pitching for Fort Wayne TinCaps : RHP Jason Inman
|
|
Batting: RHB J.D. Vander Klok
|
0-0: Ball 1-0: Ground out 6-3 (Groundball, 6, EV 89.4 MPH)
|
|
Batting: RHB Hikaru Nakata
|
0-0: Ground out U3 (Groundball, 3L, EV 85.0 MPH)
|
|
Batting: RHB Tom Thompson
|
0-0: Ball 1-0: Called Strike 1-1: Ball 2-1: Fly out, F8 (Flyball, 8LD, EV 110.0 MPH)
|
| Bottom of the 3rd over - 0 runs, 0 hits, 0 errors, 0 left on base; Fort Wayne 7 - Greensboro 0 |
| TOP OF THE 4TH |
|
Fort Wayne TinCaps batting - Pitching for Greensboro Grasshoppers : RHP Aidan Mitchell
|
|
Batting: RHB Slamet Pamungkas
|
0-0: Ball 1-0: Called Strike 1-1: Ball 2-1: Ground out 6-3 (Groundball, 6, EV 75.6 MPH)
|
|
Batting: RHB Cesar Ortega
|
0-0: Swinging Strike 0-1: Called Strike 0-2: Strikes out swinging
|
|
Batting: RHB John Freeman
|
0-0: Ball 1-0: Ball 2-0: Called Strike 2-1: Foul Ball, location: 2F 2-2: Foul Ball, location: 2F 2-2: Fly out, F8 (Flyball, 8LM, EV 78.1 MPH)
|
| Top of the 4th over - 0 runs, 0 hits, 0 errors, 0 left on base; Fort Wayne 7 - Greensboro 0 |
| BOTTOM OF THE 4TH |
|
Greensboro Grasshoppers batting - Pitching for Fort Wayne TinCaps : RHP Jason Inman
|
|
Batting: LHB Angelo Estrella
|
0-0: Ball 1-0: Called Strike 1-1: Ball 2-1: Foul Ball, location: 2F 2-2: Ground out 4-3 (Groundball, 4D, EV 103.1 MPH)
|
|
Batting: LHB Dong-u Chang
|
0-0: Ball 1-0: Swinging Strike 1-1: Foul Ball, location: 2F 1-2: Ball 2-2: Foul Ball, location: 2F 2-2: Foul Ball, location: 2F 2-2: Strikes out looking
|
|
Batting: RHB Miguel Velasco
|
0-0: Ball 1-0: Ball 2-0: Fly out, F6 (Popup, 4S, EV 88.1 MPH)
|
| Bottom of the 4th over - 0 runs, 0 hits, 0 errors, 0 left on base; Fort Wayne 7 - Greensboro 0 |
| TOP OF THE 5TH |
|
Fort Wayne TinCaps batting - Pitching for Greensboro Grasshoppers : RHP Aidan Mitchell
|
|
Batting: RHB Jim Miske
|
0-0: Ball 1-0: Ball 2-0: Ball 3-0: Called Strike 3-1: DOUBLE (Flyball, 89XD, EV 105.6 MPH)
|
|
Pitching: RHP Bill Padgett
|
|
|
Batting: RHB Gary Horgan
|
0-0: Swinging Strike 0-1: Foul Ball, location: 2F 0-2: Foul Ball, location: 2F 0-2: Foul Ball, location: 2F 0-2: Ball 1-2: Ball 2-2: Ball 3-2: Ground out 4-3 (Groundball, 34, EV 84.4 MPH) Jim Miske to third
|
|
Batting: LHB Dean Luttman
|
0-0: Called Strike 0-1: Foul Ball, location: 2F 0-2: Foul Ball, location: 2F 0-2: Ball 1-2: SINGLE (Groundball, 34D, EV 103.8 MPH) Jim Miske scores
|
|
Batting: LHB Tony Contreras
|
0-0: Ball 1-0: Called Strike 1-1: SINGLE (Groundball, 23, EV 70.0 MPH) (infield hit) Dean Luttman to second
|
|
Batting: RHB Paul Wood
|
0-0: Ball 1-0: Ball 2-0: Fly out, F7 (Flyball, 7D, EV 96.2 MPH) Runner from 2nd tags up, SAFE at 3rd, no throw by LF
|
|
Batting: RHB Sung-hwan Jung
|
0-0: Foul Ball, location: 2F 0-1: Ball 1-1: SINGLE (Groundball, 6MD, EV 97.5 MPH) Dean Luttman scores Tony Contreras to second
|
|
Batting: RHB Slamet Pamungkas
|
0-0: Called Strike 0-1: Fly out, F9 (Flyball, 9S, EV 95.6 MPH)
|
| Top of the 5th over - 2 runs, 4 hits, 0 errors, 2 left on base; Fort Wayne 9 - Greensboro 0 |
| BOTTOM OF THE 5TH |
|
Greensboro Grasshoppers batting - Pitching for Fort Wayne TinCaps : RHP Jason Inman
|
|
Batting: LHB Justin Blakely
|
0-0: Ball 1-0: Ball 2-0: Foul Ball, location: 2F 2-1: Swinging Strike 2-2: Foul Ball, location: 2F 2-2: SINGLE (Flyball, 8LS, EV 93.8 MPH)
|
|
Batting: RHB Nate Crofts
|
0-0: DOUBLE (Line Drive, 78D, EV 108.8 MPH) Justin Blakely to third Runner from 3rd tries for Home, SAFE, no throw by LF
|
|
Batting: RHB Alberto Bravo
|
0-0: Ball 1-0: Foul Ball, location: 2F 1-1: Swinging Strike 1-2: Ball 2-2: Ball 3-2: Base on Balls
|
|
Batting: RHB J.D. Vander Klok
|
0-0: Called Strike 0-1: Ball 1-1: Ground out 5-3 (Groundball, 5S, EV 63.1 MPH) Nate Crofts to third Alberto Bravo to second
|
|
Batting: RHB Hikaru Nakata
|
0-0: Called Strike 0-1: Called Strike 0-2: 3-RUN HOME RUN (Flyball, 7D, EV 93.8 MPH), Distance : 363 ft
|
|
Batting: RHB Tom Thompson
|
0-0: Ball 1-0: Ball 2-0: Reached on error, E6 (Groundball, 6D, EV 98.8 MPH)
|
|
Batting: LHB Angelo Estrella
|
0-0: Fly out, F9 (Flyball, 89M, EV 93.1 MPH)
|
|
Batting: LHB Dong-u Chang
|
0-0: Ground out 1-3 (Groundball, P, EV 67.5 MPH)
|
| Bottom of the 5th over - 4 runs, 3 hits, 1 error, 1 left on base; Fort Wayne 9 - Greensboro 4 |
| TOP OF THE 6TH |
|
Fort Wayne TinCaps batting - Pitching for Greensboro Grasshoppers : RHP Bill Padgett
|
|
Pitching: LHP Mike Wasson
|
|
|
Batting: RHB Cesar Ortega
|
0-0: Ball 1-0: Called Strike 1-1: Fly out, F2 (Popup, 2RF, EV 72.5 MPH)
|
|
Batting: RHB John Freeman
|
0-0: Called Strike 0-1: Ball 1-1: Foul Ball, location: 2F 1-2: Foul Ball, location: 2F 1-2: Strikes out swinging
|
|
Batting: RHB Jim Miske
|
0-0: Ground out 6-3 (Groundball, 6, EV 95.0 MPH)
|
| Top of the 6th over - 0 runs, 0 hits, 0 errors, 0 left on base; Fort Wayne 9 - Greensboro 4 |
| BOTTOM OF THE 6TH |
|
Greensboro Grasshoppers batting - Pitching for Fort Wayne TinCaps : RHP Jason Inman
|
|
Batting: RHB Miguel Velasco
|
0-0: Ball 1-0: Foul Ball, location: 2F 1-1: Ball 2-1: Ball 3-1: Foul Ball, location: 2F 3-2: Base on Balls
|
|
Batting: LHB Justin Blakely
|
0-0: Called Strike 0-1: Called Strike 0-2: Ball 1-2: Strikes out swinging
|
|
Batting: RHB Nate Crofts
|
0-0: Called Strike 0-1: Ball 1-1: Foul Ball, location: 2F 1-2: SINGLE (Groundball, 4D, EV 95.0 MPH) Miguel Velasco to second Runner from 2nd tries for 3rd, SAFE, throw by CF made to third
|
|
Batting: RHB Alberto Bravo
|
0-0: Swinging Strike 0-1: Called Strike 0-2: Strikes out swinging
|
|
Batting: RHB J.D. Vander Klok
|
0-0: Called Strike 0-1: Ground out 4-3 (Groundball, 4D, EV 96.9 MPH)
|
| Bottom of the 6th over - 0 runs, 1 hit, 0 errors, 2 left on base; Fort Wayne 9 - Greensboro 4 |
| TOP OF THE 7TH |
|
Fort Wayne TinCaps batting - Pitching for Greensboro Grasshoppers : LHP Mike Wasson
|
|
Batting: RHB Gary Horgan
|
0-0: Called Strike 0-1: Ball 1-1: Ball 2-1: Ball 3-1: Ground out 5-3 (Groundball, 56S, EV 85.6 MPH)
|
|
Batting: LHB Dean Luttman
|
0-0: Ball 1-0: Called Strike 1-1: Ground out U3 (Groundball, 3L, EV 82.5 MPH)
|
|
Batting: LHB Tony Contreras
|
0-0: SINGLE (Groundball, 15S, EV 56.2 MPH) (infield hit)
|
|
Batting: RHB Paul Wood
|
0-0: SINGLE (Flyball, 8LS, EV 86.2 MPH) Tony Contreras to second
|
|
Batting: RHB Sung-hwan Jung
|
0-0: Ball 1-0: Fly out, F9 (Flyball, 9LM, EV 82.5 MPH)
|
| Top of the 7th over - 0 runs, 2 hits, 0 errors, 2 left on base; Fort Wayne 9 - Greensboro 4 |
| BOTTOM OF THE 7TH |
|
Greensboro Grasshoppers batting - Pitching for Fort Wayne TinCaps : RHP Jason Inman
|
|
Batting: RHB Hikaru Nakata
|
0-0: Foul Ball, location: 2F 0-1: Ball 1-1: Ground out 6-3 (Groundball, 56, EV 103.1 MPH)
|
|
Batting: RHB Tom Thompson
|
0-0: Ball 1-0: Foul Ball, location: 2F 1-1: Ball 2-1: Foul Ball, location: 2F 2-2: SINGLE (Groundball, 6M, EV 101.9 MPH) (infield hit)
|
|
Pitching: RHP Alberto Cuevas
|
|
|
Batting: LHB Angelo Estrella
|
0-0: Foul Ball, location: 2F 0-1: Ball 1-1: Ball 2-1: SINGLE (Line Drive, 8RS, EV 104.4 MPH) Tom Thompson to second
|
|
Batting: LHB Dong-u Chang
|
0-0: Fielders Choice at 2nd, 1-6 (Groundball, 13, EV 74.4 MPH) Tom Thompson to third
|
|
Batting: RHB Miguel Velasco
|
0-0: Ground out 4-3 (Groundball, 4, EV 100.6 MPH)
|
| Bottom of the 7th over - 0 runs, 2 hits, 0 errors, 2 left on base; Fort Wayne 9 - Greensboro 4 |
| TOP OF THE 8TH |
|
Fort Wayne TinCaps batting - Pitching for Greensboro Grasshoppers : LHP Mike Wasson
|
|
Batting: RHB Slamet Pamungkas
|
0-0: Fly out, F7 (Flyball, 7LM, EV 72.5 MPH)
|
|
Batting: RHB Cesar Ortega
|
0-0: Called Strike 0-1: Ball 1-1: Ball 2-1: Foul Ball, location: 2F 2-2: Ball 3-2: Foul Ball, location: 2F 3-2: Base on Balls
|
|
Batting: RHB John Freeman
|
0-0: Swinging Strike 0-1: Ball Cesar Ortega steals 2nd base (no throw) 1-1: Foul Ball, location: 2F 1-2: Ball 2-2: Ball 3-2: Foul Ball, location: 2F 3-2: Base on Balls
|
|
Batting: RHB Jim Miske
|
0-0: Foul Ball, location: 2F 0-1: Foul Ball, location: 2F 0-2: Foul Ball, location: 2F 0-2: Grounds into double play, 5-4-3 (Groundball, 5, EV 102.5 MPH)
|
| Top of the 8th over - 0 runs, 0 hits, 0 errors, 1 left on base; Fort Wayne 9 - Greensboro 4 |
| BOTTOM OF THE 8TH |
|
Greensboro Grasshoppers batting - Pitching for Fort Wayne TinCaps : RHP Alberto Cuevas
|
|
Batting: LHB Justin Blakely
|
0-0: Ball 1-0: Called Strike 1-1: Ball 2-1: Ball 3-1: Base on Balls
|
|
Batting: RHB Nate Crofts
|
0-0: Ball 1-0: Grounds into double play, 6-4-3 (Groundball, 6, EV 80.6 MPH)
|
|
Batting: RHB Alberto Bravo
|
0-0: Ball 1-0: Foul Ball, location: 2F 1-1: Foul Ball, location: 2F 1-2: SOLO HOME RUN (Flyball, 7LD, EV 93.1 MPH), Distance : 334 ft
|
|
Batting: RHB J.D. Vander Klok
|
0-0: Ball 1-0: Ball 2-0: Called Strike 2-1: Foul Ball, location: 2F 2-2: Ball 3-2: SINGLE (Groundball, 6, EV 98.1 MPH)
|
|
Batting: RHB Hikaru Nakata
|
0-0: Called Strike 0-1: Ball 1-1: Ball 2-1: Ball 3-1: Fly out, F3 (Popup, 3S, EV 71.2 MPH)
|
| Bottom of the 8th over - 1 run, 2 hits, 0 errors, 1 left on base; Fort Wayne 9 - Greensboro 5 |
| TOP OF THE 9TH |
|
Fort Wayne TinCaps batting - Pitching for Greensboro Grasshoppers : LHP Mike Wasson
|
|
Pitching: RHP Rodolfo Mendez
|
|
|
Batting: RHB Gary Horgan
|
0-0: Called Strike 0-1: Ball 1-1: Called Strike 1-2: Ball 2-2: Ball 3-2: Ground out 4-3 (Groundball, 4, EV 105.6 MPH)
|
|
Batting: LHB Dean Luttman
|
0-0: Ball 1-0: Ball 2-0: Ball 3-0: Called Strike 3-1: Base on Balls
|
|
Batting: LHB Tony Contreras
|
0-0: Ball 1-0: 2-RUN HOME RUN (Flyball, 7D, EV 96.9 MPH), Distance : 361 ft
|
|
Batting: RHB Paul Wood
|
0-0: Foul Ball, location: 2F 0-1: Fly out, F7 (Line Drive, 7, EV 98.8 MPH)
|
|
Batting: RHB Sung-hwan Jung
|
0-0: Foul Ball, location: 2F 0-1: Ball 1-1: Ball 2-1: Ball 3-1: Called Strike 3-2: Base on Balls
|
|
Batting: RHB Slamet Pamungkas
|
0-0: Ball 1-0: Swinging Strike 1-1: Ball 2-1: Called Strike 2-2: Ball 3-2: Foul Ball, location: 2F 3-2: SINGLE (Line Drive, 9LS, EV 95.0 MPH) Sung-hwan Jung to second Sung-hwan Jung to third
|
|
Batting: RHB Cesar Ortega
|
0-0: Ball Slamet Pamungkas is caught stealing 2nd base 2-4
|
| Top of the 9th over - 2 runs, 2 hits, 0 errors, 1 left on base; Fort Wayne 11 - Greensboro 5 |
| BOTTOM OF THE 9TH |
|
Greensboro Grasshoppers batting - Pitching for Fort Wayne TinCaps : RHP Alberto Cuevas
|
|
Batting: RHB Tom Thompson
|
0-0: Ball 1-0: Ball 2-0: SINGLE (Groundball, 4MD, EV 103.8 MPH)
|
|
Pitching: LHP Manny Santiago
|
|
|
Batting: LHB Angelo Estrella
|
0-0: Ball 1-0: Ball 2-0: Foul Ball, location: 2F 2-1: Fielders Choice at 2nd, 4-6 (Groundball, 4, EV 103.8 MPH)
|
|
Batting: LHB Dong-u Chang
|
0-0: Ball Wild Pitch! Angelo Estrella to second 1-0: Ball 2-0: Called Strike 2-1: Fly out, F7 (Flyball, 78S, EV 78.8 MPH)
|
|
Batting: RHB Miguel Velasco
|
0-0: Ball 1-0: Ball 2-0: Foul Ball, location: 2F 2-1: Ball 3-1: Base on Balls
|
|
Batting: LHB Justin Blakely
|
0-0: Swinging Strike 0-1: Ball 1-1: Foul Ball, location: 2F 1-2: Ball 2-2: Ground out 3-1 (Groundball, 34S, EV 85.0 MPH)
|
| Bottom of the 9th over - 0 runs, 1 hit, 0 errors, 2 left on base; Fort Wayne 11 - Greensboro 5 |
|